 Dungeon Sprint DCSS version 0.30-a0-534-gdc55766716 (webtiles) character file.

Game seed: 15845301750429078629

296 rocky1 the Carver (level 6, -8/45 HPs)
             Began as a Demonspawn Gladiator on Dec 25, 2022.
             Was an Initiate of Gozag.
             Mangled by a spatial vortex (23 damage)
             ... in the Dungeon (Sprint III: "The Ten Rune Challenge").
             The game lasted 00:02:10 (922 turns).

rocky1 the Carver (Demonspawn Gladiator)             Turns: 922, Time: 00:02:11

Health: -8/45      AC:  6    Str: 14    XL:     6   Next: 12%
Magic:  6/6        EV: 12    Int:  9    God:    Gozag
Gold:   23         SH:  0    Dex: 17    Spells: 5/5 levels left

rFire   . . .      SeeInvis .    a - +0 long sword
rCold   . . .      Faith    .    (no shield)
rNeg    . . .      Spirit   .    b - +0 leather armour
rPois   .          Reflect  .    c - +0 helmet
rElec   .          Harm     .    m - +0 cloak
rCorr   +          Rampage  .    (no gloves)
Will    .....      NoTele   +    (no boots)
Stlth   +                        (no amulet)
HPRegen 0.27/turn                l - ring of resist corrosion
MPRegen 0.10/turn                (no ring)

@: no status effects
A: hooves 2, rugged brown scales 1
a: Renounce Religion, Potion Petition, Call Merchant, Bribe Branch


You were in the Dungeon.
You worshipped Gozag.
Gozag was noncommittal.
You visited 1 branch You collected 23 gold pieces.

Inventory:

Hand Weapons
 a - a +0 long sword (weapon)
Missiles
 d - a throwing net
 e - a javelin (quivered)
Armour
 b - a +0 leather armour (worn)
 c - a +0 helmet (worn)
 m - a +0 cloak (worn)
Jewellery
 l - a ring of resist corrosion (left hand)
Scrolls
 k - a scroll of blinking
 n - 2 scrolls of immolation {unknown}
 o - 3 scrolls of vulnerability {unknown}
 q - a scroll of magic mapping {unknown}
Potions
 f - 2 potions of curing
 g - 2 potions of heal wounds
 h - a potion of haste
 i - 2 potions of magic
 p - 2 potions of flight
 r - 5 potions of mutation


   Skills:
 - Level 2.0 Fighting
 + Level 12.0 Long Blades
 - Level 1.7 Throwing
 - Level 2.6 Dodging


You had 5 spell levels left.
You didn't know any spells.
Your spell library was empty.

Dungeon Overview and Level Annotations

Branches:
Dungeon (1/1)

Altars:
Cheibriados
Fedhas
Gozag
Hepliaklqana
Makhleb
Nemelex Xobeh
Qazlal
Xom
Jiyva
Lugonu


Innate Abilities, Weirdness & Mutations

You have hoof-like feet.
You are partially covered in rugged brown scales. (AC +1, +3% HP)


Message History

HP restored.
You start waiting.
e - a javelin As you open the door, it creaks loudly!
A spatial vortex comes into view.
Found five altars.
Found a phantom mirror.
Found five altars.
There is an open door here.
The spatial vortex hits you!
There is a snail-covered altar of Cheibriados, spattered with blood here.
There is a hazy altar of Hepliaklqana here.
You slash the spatial vortex!
The spatial vortex is moderately damaged.
The spatial vortex completely misses you.
There is an opulent altar of Gozag here.
You kneel at the altar of Gozag.
Gozag welcomes you!
Gozag waives the service fee.
You hit the spatial vortex.
The spatial vortex is moderately damaged.
You hit the spatial vortex. You kick the spatial vortex.
The spatial vortex is moderately damaged.
You completely miss the spatial vortex.
The spatial vortex is moderately damaged.
The spatial vortex hits you but does no damage.
You barely miss the spatial vortex. You kick the spatial vortex.
The spatial vortex is moderately damaged.
The spatial vortex hits you but does no damage.
There is a hazy altar of Hepliaklqana here.
You completely miss the spatial vortex. You kick the spatial vortex.
The spatial vortex is heavily damaged.
You slash the spatial vortex!
The spatial vortex is severely damaged.
The spatial vortex hits you. Space warps horribly around you!!
You are too injured to fight recklessly!
You are too injured to fight recklessly!
The spatial vortex hits you!!
Ouch! That really hurt!
You die...
Your body crumbles into a pile of gold.

...♣♣ ♣♣.# $ $ ...~♣
♣♣..###+#+###+##$$ $
..~~♣♣♣...#..........#
.~~~~♣..♣.'.⌠........#
$ $ $
.~≈≈~~~♣..#...######'#
$ $$$ $
~~≈~~~....#.⌠.#__#...#
~≈~~~.....#...#__#...#
~~~.......#+###__#...#
..........# $#_@#...+
..........# #__v...#
▓▓▓▓▓▓▓▓▓▓▓ ▓▓▓▓▓▓▓▓


You could see a spatial vortex.

Vanquished Creatures
  A shadow (D)
  A water elemental (D)
  A jelly (D)
  Crazy Yiuf (D)
  A human (D)
  An endoplasm (D)
  3 rats (D)
9 creatures vanquished.

Notes
Turn   | Place    | Note
-------+----------+-------------------------------------------
     0 | D        | rocky1 the Demonspawn Gladiator began the quest for the
                  | Orb.
     0 | D        | Reached XP level 1. HP: 16/16 MP: 1/1
     4 | D        | Reached skill level 3 in Long Blades
    99 | D        | Reached skill level 5 in Long Blades
    99 | D        | Gained mutation: You have large cloven feet. [demonic
                  | ancestry]
    99 | D        | Reached XP level 2. HP: 7/22 MP: 2/2
   332 | D        | Noticed Crazy Yiuf
   347 | D        | Killed Crazy Yiuf
   348 | D        | Reached skill level 7 in Long Blades
   348 | D        | Gained mutation: You have hoof-like feet. [demonic
                  | ancestry]
   348 | D        | Reached XP level 3. HP: 5/27 MP: 3/3
   485 | D        | Noticed a water elemental
   490 | D        | Killed a water elemental
   491 | D        | Reached skill level 8 in Long Blades
   491 | D        | Reached XP level 4. HP: 33/33 MP: 4/4
   651 | D        | Reached skill level 9 in Long Blades
   651 | D        | Reached XP level 5. HP: 36/38 MP: 5/5
   651 | D        | Noticed a shadow
   666 | D        | Killed a shadow
   667 | D        | Reached skill level 12 in Long Blades
   667 | D        | Gained mutation: You are partially covered in rugged brown
                  | scales. (AC +1, +3% HP) [demonic ancestry]
   667 | D        | Reached XP level 6. HP: 6/45 MP: 6/6
   907 | D        | Found a blossoming altar of Fedhas.
   907 | D        | Found a stormy altar of Qazlal.
   907 | D        | Found a snail-covered altar of Cheibriados.
   907 | D        | Found a burning altar of Makhleb.
   907 | D        | Found a shimmering altar of Xom.
   907 | D        | Noticed a spatial vortex
   908 | D        | Found a hazy altar of Hepliaklqana.
   908 | D        | Found an opulent altar of Gozag.
   908 | D        | Found a sparkling altar of Nemelex Xobeh.
   908 | D        | Found a corrupted altar of Lugonu.
   908 | D        | Found a viscous altar of Jiyva.
   914 | D        | Became a worshipper of Gozag Ym Sagoz the Greedy
   922 | D        | Mangled by a spatial vortex

Illustrated notes

Levels and vault maps discovered:
D:        dungeon_sprint_mu [sprint_mu_entry_forest, sprint_mu_temple_rooms,
          sprint_mu_d1_horrors, sprint_mu_d2_genie, sprint_mu_d3_branching,
          sprint_mu_orc_legion, sprint_mu_elf_gauntlet, sprint_mu_hive_nellie,
          sprint_mu_lair_fedhas, sprint_mu_vaults_butterflies,
          sprint_mu_slime_circle, sprint_mu_shoals_kraken,
          sprint_mu_snake_twists, sprint_mu_blade_basic,
          sprint_mu_crypt_fortress, sprint_mu_tomb_spiral,
          sprint_mu_vestibule_basic, sprint_mu_gehenna_hellfire,
          sprint_mu_dis_giant, sprint_mu_tartarus_statrot,
          sprint_mu_cocytus_islands, sprint_mu_zot1]

Skill      XL: |  1  2  3  4  5 |
---------------+----------------+-----
Long Blades    | 5 7 8 9 12 | 12.0
Fighting       | |  2.0
Throwing       | |  1.7
Dodging        | |  2.6

Action                   |  1- 3 |  4- 6 || total
-------------------------+-------+-------++-------
Melee: Long sword        |    30 |    23 ||    53
       Kick              |     6 |     9 ||    15
Throw: Throwing net      |     4 |       ||     4
       Javelin           |     1 |     1 ||     2
  Use: Potion            |     1 |     1 ||     2
 Stab: Held in net/web   |     3 |       ||     3
Armor: Leather armour    |     4 |     3 ||     7
Dodge: Dodged            |    12 |     4 ||    16

Table legend: (Time is in decaauts)
 A = Elapsed time spent in this place.
 B = Non-inter-level travel time spent in this place.
 C = Inter-level travel time spent in this place.
 D = Time resting spent in this place.
 E = Time spent auto-exploring this place.
 F = Levels seen in this place.
 G = Mean time per level.
                   A        B        C        D        E       F      G
               +--------+--------+--------+--------+--------+-----+--------+
         Total |    934 |    934 |      0 |    716 |      1 |   1 |  934.0 |
       Dungeon |    934 |    934 |      0 |    716 |      1 |   1 |  934.0 |
               +--------+--------+--------+--------+--------+-----+--------+

Top non-repeatable levels by time:
       D: 934 daAuts
